 Dungeon Crawl Stone Soup version 0.24.0-125-gc4c63601f3 (webtiles) character file.

Game seed: 15213554146073765290, levelgen mode: deterministic

735 Descartes the Chopper (level 8, -15/61 HPs)
             Began as a Formicid Chaos Knight on Feb 28, 2020.
             Was a Plaything of Xom.
             Demolished by Sigmund the komodo dragon (shapeshifter) (28 damage)
             ... on level 5 of the Dungeon.
             The game lasted 00:10:09 (2487 turns).

Descartes the Chopper (Formicid Chaos Knight)       Turns: 2487, Time: 00:10:10

Health: -15/61     AC:  5    Str: 19    XL:     8   Next: 4%
Magic:  0/11       EV: 12    Int: 14    God:    Xom [..*...]
Gold:   249        SH:  4    Dex: 10    Spells: 7/7 levels left

rFire    + . .     SeeInvis +   a - +0 hand axe (chaos)
rCold    + . .     Gourm    .   (no shield)
rNeg     . . .     Faith    .   b - +2 leather armour
rPois    .         Spirit   +   (helmet unavailable)
rElec    .         Reflect  .   (no cloak)
rCorr    .         Harm     .   (no gloves)
MR       .....                  (no boots)
Stlth    +++.......             e - amulet of guardian spirit
HPRegen  0.20/turn              r - ring of protection from cold
MPRegen  0.12/turn              B - ring of wizardry

@: no status effects
A: permanent stasis, dig shafts and tunnels, four strong arms, antennae 3, claws
1, large bone plates 1, camouflage 1, clever 1, fire resistance 1, high mp 1,
MP-powered wands
a: Dig, Shaft Self, Renounce Religion


You were on level 5 of the Dungeon.
You worshipped Xom.
You were a toy of Xom.
You were not hungry.

You visited 1 branch of the dungeon, and saw 5 of its levels.

You collected 249 gold pieces.

Inventory:

Hand Weapons
 a - a +0 hand axe of chaos (weapon)
 z - a +2 vampiric trident
Missiles
 j - 23 bolts
 l - 177 stones
 n - 61 arrows
 q - 17 poisoned darts (quivered)
Armour
 b - a +2 leather armour (worn)
 w - a +0 chain mail
Jewellery
 e - an amulet of guardian spirit (around neck)
 r - a ring of protection from cold (left claw)
 B - a ring of wizardry (right claw)
Wands
 s - a wand of random effects (10)
 y - a wand of digging (4)
Scrolls
 i - a scroll of immolation {unknown}
 v - a scroll of teleportation {unknown}
 x - a scroll of noise {unknown}
 A - a scroll of random uselessness {unknown}
Potions
 d - a potion of invisibility {unknown}
 f - a potion of ambrosia
 h - a potion of degeneration {unknown}
 k - 2 potions of flight
 m - a potion of haste {unknown}
 o - a potion of berserk rage {unknown}
 p - a potion of heal wounds {unknown}
 t - a potion of lignification {unknown}
 u - a potion of resistance {unknown}
Comestibles
 c - 8 rations
 g - a chunk of flesh


   Skills:
 + Level 4.8 Fighting
 * Level 5.5 Axes
 + Level 4.2 Armour
 + Level 2.9 Dodging
 + Level 3.0 Stealth
 + Level 2.7 Evocations


You had 7 spell levels left.
You didn't know any spells.
Your spell library was empty.

Dungeon Overview and Level Annotations

Branches:
Dungeon (5/15)             Temple (0/1) D:4

Altars:
Elyvilon
Okawaru
Xom
Yredelemnul
Zin

Annotations:
D:5 Sigmund


Innate Abilities, Weirdness & Mutations

You cannot be hasted, slowed, berserked, paralysed or teleported.
You can dig through walls and to a lower floor.
Your four strong arms can wield two-handed weapons with a shield.
You have a pair of large antennae on your head. (SInv)
You have sharp fingernails.
You are partially covered in large bone plates. (SH +4)
Your skin changes colour to match your surroundings (Stealth+).
Your mind is acute. (Int +2)
Your flesh is heat resistant. (rF+)
You have an increased reservoir of magic. (+10% MP)
You expend magic power (3 MP) to strengthen your wands.


Message History

Xom thinks this is hilarious!
Sigmund the shapeshifter changes into a komodo dragon!
You hit Sigmund but do no damage. Motes of dust swirl before your eyes.
Sigmund bites you!!
You hit Sigmund.
Sigmund is lightly wounded.
Sigmund barely misses you.
You barely miss Sigmund.
Sigmund is lightly wounded.
Sigmund closely misses you.
You hit Sigmund. You burn Sigmund.
Sigmund is moderately wounded.
Sigmund bites you!!
* * * LOW HITPOINT WARNING * * *
You barely miss Sigmund.
Sigmund is moderately wounded.
Sigmund hisses menacingly.
Sigmund bites you!!
You die...
Xom giggles madly!

##.............##### #
#........#######
##.####..#######
........## ........#
#######
).....#.#######.....<.
......##.##...........
..... #..#...........
..... ##.....@l......
.... ##............
.... ##...........
##..........
##......?.. #.........
##........ ##.......


You could see Sigmund the komodo dragon shaped shifter.

Vanquished Creatures
  Grinder (D:5)
  A phantom (D:4)
  A water moccasin skeleton (D:5)
  A scorpion (D:4)
  A howler monkey (D:4)
  A hound (D:5)
  An orc priest (D:3)
  Terence (D:3)
  A hound zombie (D:5)
  2 adders
  3 gnolls (D:4)
  A howler monkey skeleton (D:5)
  An ooze (D:4)
  An adder skeleton (D:5)
  A worm (D:2)
  A dart slug (D:2)
  3 leopard geckos
  8 orcs
  3 giant cockroaches
  5 hobgoblins
  10 jackals
  3 kobolds
  A quokka (D:4)
  A ball python (D:5)
  7 bats
  4 frilled lizards
  6 goblins
  10 rats
80 creatures vanquished.

Vanquished Creatures (collateral kills)
  An ogre (D:4)
1 creature vanquished.

Vanquished Creatures (others)
  A gnoll (D:4)
  A worm (D:2)
2 creatures vanquished.

Grand Total: 83 creatures vanquished

Notes
Turn   | Place    | Note
-------+----------+-------------------------------------------
     0 | D:1      | Descartes the Formicid Chaos Knight began the quest for the
                  | Orb.
     0 | D:1      | Reached XP level 1. HP: 18/18 MP: 1/1
    96 | D:1      | Reached skill level 1 in Dodging
    99 | D:1      | Reached XP level 2. HP: 20/24 MP: 0/2
   105 | D:1      | XOM: potion effect (magic)
   107 | D:1      | XOM: smoke on damage
   130 | D:1      | XOM: harmless Summ miscast
   162 | D:1      | XOM: divination: magic mapping
   285 | D:1      | Reached XP level 3. HP: 29/29 MP: 3/3
   533 | D:1      | Found an iron altar of Okawaru.
   534 | D:1      | XOM: harmless Ice miscast
   547 | D:1      | XOM: god gift: 26 gold pieces
   744 | D:2      | Reached XP level 4. HP: 10/37 MP: 2/4
   779 | D:2      | XOM: harmless Tloc miscast
   826 | D:2      | XOM: scenery: create altars
   862 | D:2      | XOM: god gift: twisted silver wand {god gift}
   977 | D:2      | XOM: scenery: create altars
  1303 | D:2      | XOM: give mutations
  1303 | D:2      | Gained mutation: You have an increased reservoir of magic.
                  | (+10% MP) [Xom's grace]
  1303 | D:2      | Gained mutation: You have sharp fingernails. [Xom's grace]
  1303 | D:2      | Gained mutation: You are partially covered in large bone
                  | plates. (SH +4) [Xom's grace]
  1310 | D:2      | XOM: give mutations
  1310 | D:2      | Gained mutation: Your skin changes colour to match your
                  | surroundings (Stealth+). [Xom's grace]
  1310 | D:2      | Gained mutation: You expend magic power (3 MP) to
                  | strengthen your wands. [Xom's grace]
  1310 | D:2      | Gained mutation: Your mind is acute. (Int +2) [Xom's grace]
  1310 | D:2      | Gained mutation: Your flesh is heat resistant. (rF+) [Xom's
                  | grace]
  1408 | D:3      | Noticed Terence
  1416 | D:3      | Killed Terence
  1416 | D:3      | Reached skill level 4 in Axes
  1457 | D:3      | Found a white marble altar of Elyvilon.
  1471 | D:3      | Reached XP level 5. HP: 31/42 MP: 4/6
  1547 | D:3      | XOM: cleaving
  1549 | D:3      | Reached skill level 1 in Evocations
  1814 | D:4      | Found a glowing silver altar of Zin.
  1840 | D:4      | Noticed an ogre
  1877 | D:4      | XOM is BORED!
  1877 | D:4      | XOM: medium Pois miscast
  1896 | D:4      | XOM: summons 5 friendly demons
  1902 | D:4      | Killed an ogre
  1902 | D:4      | Reached skill level 1 in Stealth
  1902 | D:4      | Reached XP level 6. HP: 10/48 MP: 7/7
  1983 | D:4      | XOM: divine lightning
  2002 | D:4      | Noticed a phantom
  2094 | D:4      | XOM: potion effect (might)
  2097 | D:4      | Killed a phantom
  2097 | D:4      | Reached XP level 7. HP: 15/55 MP: 5/9
  2148 | D:4      | Found a staircase to the Ecumenical Temple.
  2169 | D:4      | XOM: divination: detect creatures
  2223 | D:4      | Found a basalt altar of Yredelemnul.
  2322 | D:5      | Entered Level 5 of the Dungeon
  2350 | D:5      | Reached skill level 5 in Axes
  2385 | D:5      | Noticed Grinder
  2386 | D:5      | XOM: potion effect (agility)
  2392 | D:5      | XOM: potion effect (might)
  2398 | D:5      | Killed Grinder
  2434 | D:5      | Reached XP level 8. HP: 56/61 MP: 9/11
  2466 | D:5      | Noticed Sigmund
  2482 | D:5      | Noticed Sigmund
  2482 | D:5      | Sigmund changed into Sigmund the shapeshifter
  2482 | D:5      | Noticed Sigmund
  2482 | D:5      | Sigmund the shapeshifter changed into Sigmund the komodo
                  | dragon
  2487 | D:5      | Demolished by Sigmund the komodo dragon (shapeshifter)

Levels and vault maps discovered:
D:1:      minmay_arrival_four_houses, layout_loops_ring,
          kennysheep_decorative_pillar, okawaru_ov_weapons_minmay
D:2:      layout_loops_cross, minmay_nonomino_d4
D:3:      layout_rooms, overflow_temple_1_default, uniq_terence
D:4:      layout_rooms, kennysheep_mini, yredelemnul_altar_generic,
          temple_green, first_ration
D:5:      layout_cave_pods, serial_shops, shop_coins, minmay_checkerbox,
          uniq_grinder, uniq_sigmund, uniq_prince_ribbit1, uniq_duvessa

Skill      XL: |  1  2  3  4  5  6  7 |
---------------+----------------------+-----
Dodging        | 1 2 |  2.9
Axes           | 4 5 |  5.5
Armour         | 3 4 |  4.2
Fighting       | 4 |  4.8
Evocations     | 1 2 |  2.7
Stealth        | 1 2 3 |  3.0

Action                   |  1- 3 |  4- 6 |  7- 9 || total
-------------------------+-------+-------+-------++-------
Melee: Hand axe          |    74 |   130 |    49 ||   253
  Use: Scroll            |       |     2 |     1 ||     3
       Potion            |       |     2 |       ||     2
 Stab: Petrifying        |     1 |       |       ||     1
       Petrified         |     1 |       |       ||     1
       Sleeping          |       |     2 |     1 ||     3
       Paralysed         |       |     1 |     2 ||     3
       Confused          |       |     1 |       ||     1
  Eat: Chunk             |       |     4 |     1 ||     5
Armor: Leather armour    |    48 |    31 |    19 ||    98
Dodge: Dodged            |    60 |    68 |    34 ||   162
Block: Other             |       |    14 |     6 ||    20
